 Dungeon Crawl Stone Soup version 0.31-a0-217-g58bb5d79cf (webtiles) character file.

Game seed: 3776776920900831457

82058 qw the Severer (level 15, -3/100 HPs)
             Began as a Gargoyle Fighter on July 2, 2023.
             Was an Elder of Okawaru.
             Slain by a vault guard
             ... wielding a +0 war axe
              (10 damage)
             ... on level 14 of the Dungeon.
             The game lasted 00:12:58 (19777 turns).

qw the Severer (Gargoyle Fighter)                  Turns: 19777, Time: 00:12:58

Health: -3/100     AC: 47    Str: 33    XL:     15   Next: 72%
Magic:  21/22      EV: 11    Int: 11    God:    Okawaru [****..]
Gold:   1162       SH:  7    Dex:  9    Spells: 14/14 levels left

rFire   . . .        Y - +5 war axe (freeze)
rCold   + . .        c - +0 buckler
rNeg    + + +        q - +3 plate armour of the Slightly Bent {rC+ rN++ Stlth-}
rPois   inf          u - +2 helmet
rElec   +            m - +0 cloak
rCorr   .            g - +2 pair of gloves
SInv    .            t - +0 pair of boots {Stlth+}
Will    +....        i - amulet "Upomun" {rN+ Regen+} Stlth
                     o - +4 ring of protection
HPRegen 1.16/turn    r - ring "Zoxirumu" {rElec rN+ Str+6 Int+2}
MPRegen 0.18/turn

%: no passive effects
@: about to teleport, heroic, flying
A: sickness immunity, AC +11, big wings, negative energy resistance 1,
electricity resistance, torment resistance 1, petrification resistance
a: Renounce Religion, Heroism, Finesse


You were on level 14 of the Dungeon.
You worshipped Okawaru.
Okawaru was greatly pleased with you.
You visited 3 branches of the dungeon, and saw 20 of its levels.
You visited the Abyss 1 time.
You also visited: Ossuary.

You collected 1240 gold pieces.
You spent 78 gold pieces at shops.


Innate Abilities, Weirdness & Mutations

You are immune to sickness and miasma.
Your stone body is resilient. (AC +11)
You are immune to poison.
Your large and strong wings let you fly.
You resist negative energy. (rN+)
You are resistant to electric shocks. (rElec)
You are resistant to unholy torment.
You are immune to petrification.


   Skills:
 - Level 14.0(19.0) Fighting
 - Level 16.0(21.0) Axes
 - Level 4.3(9.3) Throwing
 + Level 13.2(18.2) Armour
 - Level 3.7(8.7) Dodging
 - Level 9.0(14.0) Shields
 - Level 10.0 Invocations


You had 14 spell levels left.
You didn't know any spells.
Your spell library was empty.

Inventory:

Hand Weapons
 s - a +2 morningstar of holy wrath
 Y - a +5 war axe of freezing (weapon)
Missiles
 k - 9 boomerangs
 x - a silver boomerang (quivered)
Armour
 c - a +0 buckler (worn)
 g - a +2 pair of gloves (worn)
 m - a +0 cloak (worn)
 q - the +3 plate armour of the Slightly Bent (worn) {rC+ rN++ Stlth-}
   (You found it on level 6 of the Dungeon)

   rC:        It protects you from cold.
   rN:        It greatly protects you from negative energy.
   Stlth:     It makes you less stealthy.
 t - a +0 pair of boots of stealth (worn)
 u - a +2 helmet (worn)
 v - a +1 chain mail of fire resistance
Jewellery
 e - a ring of see invisible
 i - the amulet "Upomun" (around neck) {rN+ Regen+}
   (You found it on level 1 of the Lair of Beasts)

   [amulet of regeneration]

   rN:        It protects you from negative energy.
   Regen:     It increases your rate of health regeneration.
 o - a +4 ring of protection (left hand)
 r - the ring "Zoxirumu" (right hand) {rElec rN+ Str+6 Int+2}
   (You found it on level 6 of the Dungeon)

   [ring of strength]

   Str:       It affects your strength (+6).
   Int:       It affects your intelligence (+2).
   rElec:     It insulates you from electricity.
   rN:        It protects you from negative energy.
Scrolls
 a - 11 scrolls of teleportation
 n - 9 scrolls of identify
Potions
 b - 5 potions of curing
 d - 3 potions of might
 f - a potion of heal wounds
 h - 4 potions of attraction
 j - a potion of cancellation
 l - 3 potions of haste
 p - 5 potions of lignification
 w - 4 potions of enlightenment
 z - a potion of resistance

Dungeon Overview and Level Annotations

Branches:
Dungeon (14/15)            Temple (1/1) D:5            Lair (5/5) D:8
 Shoals (0/4) Lair:3        Snake (0/4) Lair:2        Slime (0/5) Lair:5
    Orc (0/2) D:9         Ossuary (visited)
 Vaults: D:13-14

Altars:
Ashenzari
Cheibriados
Dithmenos
Elyvilon
Fedhas
Gozag
Hepliaklqana
Kikubaaqudgha
Makhleb
Nemelex Xobeh
Okawaru
Qazlal
Ru
Sif Muna
Trog
Uskayaw
Vehumet
Wu Jian
Xom
Yredelemnul
Zin
The Shining One
Jiyva

Shops:
D:3 (=!

Annotations:
Lair:5 1 runed translucent door


Message History

You closely miss the vault guard. You chop the vault guard into pieces!!!
You freeze the vault guard!
You kill the vault guard!
Okawaru accepts your kill.
You barely miss the vault guard. You closely miss the vault guard.
You hit the vault guard. You freeze the vault guard.
You hit the vault guard but do no damage.
The vault guard hits you but does no damage.
The vault guard misses you.
The vault guard hits you but does no damage. x2
The vault guard barely misses you.
The vault guard hits you but does no damage.
You hit the vault guard but do no damage.
The vault guard is heavily wounded.
You slash the vault guard! You freeze the vault guard.
You slash the vault guard! You freeze the vault guard.
You slice the vault guard!! You freeze the vault guard.
You block the vault guard's attack.
The vault guard hits you from afar with a +0 bardiche.
The vault guard closely misses you.
The vault guard hits you but does no damage.
You block the vault guard's attack.
You hit the vault guard. You freeze the vault guard.
The vault guard is severely wounded.
You slash the vault guard! You freeze the vault guard.
You slash the vault guard! You freeze the vault guard.
You slash the vault guard! You freeze the vault guard.
You block the vault guard's attack.
The vault guard hits you from afar with a +0 bardiche!!
You block the vault guard's attack.
The vault guard hits you with a +0 war axe.
The vault guard hits you with a +0 battleaxe!
The vault guard hits you but does no damage.
19777 ||| READING 12 scrolls of teleportation.
As you read the scroll of teleportation, it crumbles to dust.
You feel strangely unstable.
The vault guard hits you but does no damage. x2
The vault guard hits you with a +0 dire flail!
The vault guard hits you with a +0 war axe!
You die...

^.....#...##.........#
##....#......#########
#...........#
#.....#####.########
##...>.# #........#
.......+ +...######
##+###.# #.#......#
.....#.# #.#..)p..#
.....#.. ..#..@p..#
.....##.. ..##..ppp.#
.....# #.###
#....p..... .....# .#
#....^.###. .....# .#
#......# .....#
#......# .....#
#.###.## ...... #. .#
#####.


You could see 6 vault guards.

Vanquished Creatures
  2 tentacled starspawn (Abyss:1)
  A very ugly thing (Abyss:1)
  Nessos (Lair:5)
  Snorg (D:12)
  3 hydras
  2 vault guards (D:14)
  A catoblepas (Lair:4)
  2 centaur warriors
  4 two-headed ogres
  A naga warrior (Lair:5)
  4 boulder beetles
  3 thrashing horrors (Abyss:1)
  3 death yaks (Lair:5)
  A wretched star (Abyss:1)
  Sonja (Lair:5)
  4 skysharks
  A soul eater (Abyss:1)
  A sixfirhy (Abyss:1)
  3 deep elf pyromancers
  3 lindwurms (Lair:5)
  A wolf spider (Lair:5)
  A worldbinder (Lair:5)
  4 ugly things
  A cyclops (D:14)
  2 oklob plants (Lair:5)
  4 large abominations (Abyss:1)
  3 manticores
  Joseph (D:8)
  14 black mambas
  2 guardian serpents
  17 elephants
  2 gargoyles
  14 cane toads
  6 torpor snails
  3 kobold demonologists
  3 rime drakes
  11 komodo dragons
  An efreet (D:14)
  An ancient zyme (Abyss:1)
  4 trolls
  12 hornets
  A polar bear (Lair:3)
  3 tyrant leeches (Lair:5)
  19 blink frogs
  A shadow (D:11)
  4 wraiths
  36 yaks
  11 wyverns
  4 basilisks
  3 redbacks (Lair:5)
  A hog (shapeshifter) (Abyss:1)
  A steam dragon (D:4)
  6 vampire mosquitoes
  Menkaure (D:7)
  2 nagas (Lair:2)
  2 acid dragons
  Duvessa (D:5)
  24 water moccasins
  6 ice beasts
  7 orc warriors
  A black bear (Lair:2)
  3 sky beasts
  2 ogres
  7 wolves
  11 centaurs
  2 phantoms
  2 kobold brigands
  16 bullfrogs
  3 elf zombies (Ossuary)
  A gnoll sergeant (D:7)
  3 scorpions
  5 small abominations (Abyss:1)
  30 wights
  Dowan (D:5)
  18 killer bees
  11 electric eels
  A howler monkey (D:12)
  2 centaur zombies (Ossuary)
  A quasit (Abyss:1)
  A human zombie (Ossuary)
  8 hounds
  8 jellies
  A gnoll bouda (D:4)
  10 orc priests
  2 sleepcaps (D:5)
  Terence (D:3)
  4 iguanas
  11 orc wizards
  3 mummies (Ossuary)
  6 adders
  15 gnolls
  3 white imps
  An ufetubus (D:4)
  5 adder zombies (Ossuary)
  3 worms
  2 dart slugs
  46 orcs
  4 ball pythons
  4 bats (D:1)
  6 endoplasms
  4 giant cockroaches
  7 goblins
  5 hobgoblins
  4 quokkas
  3 frilled lizards
  3 goblin zombies (Ossuary)
  6 hobgoblin zombies (Ossuary)
  3 jackal zombies (Ossuary)
  12 kobolds
  3 kobold zombies (Ossuary)
  3 orc zombies (Ossuary)
  3 quokka zombies (Ossuary)
  4 rats
  2 rat zombies (Ossuary)
  6 starspawn tentacles (Abyss:1)
614 creatures vanquished.

Vanquished Creatures (others)
  2 orc wizards (D:4)
  2 starspawn tentacles (Abyss:1)
4 creatures vanquished.

Grand Total: 618 creatures vanquished

Notes
Turn   | Place    | Note
-------+----------+-------------------------------------------
     0 | D:1      | qw the Gargoyle Fighter began the quest for the Orb.
     0 | D:1      | Reached XP level 1. HP: 14/14 MP: 1/1
     0 | D:1      | 0 ||| qw: Version: 0.3-a-40-ge99b1a8
     0 | D:1      | 0 ||| qw: Game counter: 211
     0 | D:1      | 0 ||| qw: Melee chars always use a shield: true
     0 | D:1      | 0 ||| qw: God list: Okawaru
     0 | D:1      | 0 ||| qw: Allow faded altars: false
     0 | D:1      | 0 ||| qw: Do Orc after clearing Dungeon:15 true
     0 | D:1      | 0 ||| qw: Do second Lair branch before Depths: true
     0 | D:1      | 0 ||| qw: Lair rune preference: random
     0 | D:1      | 0 ||| qw: Goals: Normal, Zot:1-4, Slime:5, God:TSO, Crypt,
                  | Tomb, Abyss, Pan, Hells, Win
     0 | D:1      | 0 ||| PLANNING D:1-11
   126 | D:1      | Reached skill level 2 in Axes
   174 | D:1      | Reached XP level 2. HP: 19/19 MP: 2/2
   367 | D:1      | 367 ||| DROPPING +0 whip.
   483 | D:1      | Reached skill level 3 in Axes
   544 | D:1      | Reached XP level 3. HP: 23/23 MP: 3/3
   687 | D:1      | 687 ||| UPGRADING to +0 helmet.
   692 | D:1      | 692 ||| READING scroll labelled QAWASK OHUBRE.
   762 | D:2      | 762 ||| Stepping ~*~*~tactically~*~*~ (hiding).
   763 | D:2      | 763 ||| Stepping ~*~*~tactically~*~*~ (hiding).
   772 | D:2      | 772 ||| FLEEEEING.
   798 | D:2      | 798 ||| Stepping ~*~*~tactically~*~*~ (stealth).
   813 | D:2      | 813 ||| Stepping ~*~*~tactically~*~*~ (stealth).
   842 | D:2      | 842 ||| Stepping ~*~*~tactically~*~*~ (stealth).
   900 | D:2      | 900 ||| Stepping ~*~*~tactically~*~*~ (hiding).
   909 | D:2      | 909 ||| Stepping ~*~*~tactically~*~*~ (stealth).
  1166 | D:2      | Reached XP level 4. HP: 28/28 MP: 4/4
  1341 | D:2      | 1341 ||| UPGRADING to +3 chain mail.
  1351 | D:2      | 1351 ||| DROPPING +0 scale mail.
  1352 | D:2      | 1352 ||| READING 2 scrolls labelled YSHAFU WAOL.
  1356 | D:2      | 1356 ||| READING scroll labelled FAF WER CUJULI.
  1357 | D:2      | 1357 ||| READING scroll labelled ESHOKK LOKU YMERO.
  1388 | D:3      | Found Southrorgh's Distillery.
  1393 | D:3      | 1393 ||| BUYING 2 potions of curing (78 gold).
  1393 | D:3      | Bought 2 potions of curing for 78 gold pieces
  1393 | D:3      | 1393 ||| SHOPLISTING potion of cancellation (104 gold, have
                  | 17).
  1393 | D:3      | 1393 ||| SHOPLISTING potion of curing (39 gold, have 17).
  1440 | D:3      | Reached skill level 4 in Axes
  1499 | D:3      | Found Bossiodu's Jewellery Shop.
  1507 | D:3      | 1507 ||| SHOPLISTING +4 ring of protection (504 gold, have
                  | 23).
  1507 | D:3      | 1507 ||| SHOPLISTING +4 ring of slaying (1092 gold, have
                  | 23).
  1507 | D:3      | 1507 ||| SHOPLISTING +6 ring of dexterity (504 gold, have
                  | 23).
  1507 | D:3      | 1507 ||| SHOPLISTING amulet of faith (560 gold, have 23).
  1507 | D:3      | 1507 ||| SHOPLISTING amulet of reflection (420 gold, have
                  | 23).
  1507 | D:3      | 1507 ||| SHOPLISTING ring "Wojeru Queto" {rElec rN++ EV+5
                  | Int+3} (935 gold, have 23).
  1507 | D:3      | 1507 ||| SHOPLISTING ring of protection from cold (350
                  | gold, have 23).
  1627 | D:3      | Found a shimmering blue altar of Sif Muna.
  1676 | D:3      | Found Morphufi's Antique Weapon Boutique.
  1701 | D:3      | 1701 ||| SHOPLISTING flail (77 gold, have 41).
  1748 | D:3      | Identified the +4 sling of the Usurping Gods {flame,
                  | *Corrode Int-5 Dex+7 SInv}
  1887 | D:3      | Noticed Terence
  1904 | D:3      | Killed Terence
  2110 | D:3      | 2110 ||| UPGRADING to +4 ring of protection.
  2111 | D:3      | 2111 ||| READING 2 scrolls labelled KUDYAN BAUTIS.
  2112 | D:3      | 2112 ||| READING scroll labelled SOTEMP DEWIA.
  2140 | D:3      | 2140 ||| READING scroll labelled ADUNITOULUJ.
  2141 | D:3      | 2141 ||| DRINKING 2 sedimented white potions.
  2142 | D:3      | 2142 ||| READING 5 scrolls of identify.
  2142 | D:3      | 2142 ||| IDENTIFYING murky brown potion
  2143 | D:3      | 2143 ||| READING 4 scrolls of identify.
  2143 | D:3      | 2143 ||| IDENTIFYING glowing purple potion
  2144 | D:3      | 2144 ||| READING 3 scrolls of identify.
  2144 | D:3      | 2144 ||| IDENTIFYING bubbling clear potion
  2145 | D:3      | 2145 ||| READING 2 scrolls of identify.
  2145 | D:3      | 2145 ||| IDENTIFYING glowing brown potion
  2146 | D:3      | 2146 ||| DROPPING potion of brilliance.
  2147 | D:3      | 2147 ||| DROPPING scroll of noise.
  2164 | D:4      | Noticed a phantom
  2187 | D:4      | Killed a phantom
  2188 | D:4      | Reached skill level 5 in Axes
  2188 | D:4      | Reached XP level 5. HP: 32/32 MP: 5/5
  2269 | D:4      | Noticed a steam dragon
  2286 | D:4      | 2286 ||| Stepping ~*~*~tactically~*~*~ (cloud).
  2293 | D:4      | Killed a steam dragon
  2294 | D:4      | Reached XP level 6. HP: 25/40 MP: 6/6
  2297 | D:4      | 2297 ||| FLEEEEING.
  2298 | D:4      | 2298 ||| FLEEEEING.
  2299 | D:4      | 2299 ||| FLEEEEING.
  2300 | D:4      | 2300 ||| FLEEEEING.
  2301 | D:4      | 2301 ||| FLEEEEING.
  2302 | D:4      | 2302 ||| FLEEEEING.
  2303 | D:4      | 2303 ||| FLEEEEING.
  2309 | D:4      | 2309 ||| STAIRDANCE
  2350 | D:3      | 2350 ||| UPGRADING to +0 pair of gloves.
  2355 | D:3      | 2355 ||| READING scroll labelled HOZAUX SEATHAUS.
  2382 | D:4      | 2382 ||| DROPPING +0 mace.
  2644 | D:4      | 2644 ||| READING scroll of enchant armour.
  2644 | D:4      | 2644 ||| ENCHANTING +0 pair of gloves.
  2707 | D:4      | Found an opulent altar of Gozag.
  2722 | D:4      | 2722 ||| Stepping ~*~*~tactically~*~*~ (stealth).
  2728 | D:4      | 2728 ||| Stepping ~*~*~tactically~*~*~ (stealth).
  2732 | D:4      | 2732 ||| Stepping ~*~*~tactically~*~*~ (hiding).
  2739 | D:4      | Reached XP level 7. HP: 44/44 MP: 7/7
  2849 | D:4      | 2849 ||| Stepping ~*~*~tactically~*~*~ (stealth).
  2853 | D:4      | Reached skill level 6 in Axes
  2859 | D:4      | Reached skill level 1 in Dodging
  3031 | D:4      | 3031 ||| DROPPING +0 hand axe.
  3214 | D:5      | Entered Level 5 of the Dungeon
  3216 | D:5      | 3216 ||| STAIRDANCE
  3240 | D:5      | 3240 ||| STAIRDANCE
  3259 | D:5      | 3259 ||| Stepping ~*~*~tactically~*~*~ (stealth).
  3280 | D:5      | Reached skill level 7 in Axes
  3328 | D:5      | Reached skill level 1 in Throwing
  3328 | D:5      | Reached XP level 8. HP: 49/49 MP: 8/8
  3438 | D:5      | 3438 ||| Stepping ~*~*~tactically~*~*~ (stealth).
  3471 | D:5      | 3471 ||| Stepping ~*~*~tactically~*~*~ (hiding).
  3474 | D:5      | Noticed Duvessa
  3487 | D:5      | Killed Duvessa
  3488 | D:5      | Reached skill level 8 in Axes
  3488 | D:5      | Noticed Dowan
  3515 | D:5      | Killed Dowan
  3548 | D:5      | 3548 ||| FLEEEEING.
  3549 | D:5      | 3549 ||| FLEEEEING.
  3550 | D:5      | 3550 ||| FLEEEEING.
  3551 | D:5      | 3551 ||| FLEEEEING.
  3552 | D:5      | 3552 ||| FLEEEEING.
  3553 | D:5      | 3553 ||| FLEEEEING.
  3554 | D:5      | 3554 ||| FLEEEEING.
  3572 | D:5      | 3572 ||| FLEEEEING.
  3573 | D:5      | 3573 ||| FLEEEEING.
  3574 | D:5      | 3574 ||| FLEEEEING.
  3575 | D:5      | 3575 ||| FLEEEEING.
  3576 | D:5      | 3576 ||| FLEEEEING.
  3578 | D:5      | 3578 ||| FLEEEEING.
  3579 | D:5      | 3579 ||| FLEEEEING.
  3580 | D:5      | 3580 ||| FLEEEEING.
  3581 | D:5      | 3581 ||| FLEEEEING.
  3582 | D:5      | 3582 ||| STAIRDANCE
  3660 | D:5      | 3660 ||| Stepping ~*~*~tactically~*~*~ (stealth).
  3662 | D:5      | 3662 ||| Stepping ~*~*~tactically~*~*~ (stealth).
  3664 | D:5      | 3664 ||| Stepping ~*~*~tactically~*~*~ (hiding).
  3666 | D:5      | 3666 ||| Stepping ~*~*~tactically~*~*~ (hiding).
  3686 | D:5      | 3686 ||| Stepping ~*~*~tactically~*~*~ (hiding).
  3687 | D:5      | 3687 ||| Stepping ~*~*~tactically~*~*~ (hiding).
  3830 | D:5      | Reached skill level 6 in Fighting
  3888 | D:5      | Found a stormy altar of Qazlal.
  3982 | D:5      | Found a staircase to the Ecumenical Temple.
  3983 | D:5      | 3983 ||| PLANNING TEMPLE
  3988 | Temple   | Entered the Ecumenical Temple
  4019 | Temple   | 4019 ||| PLANNING OKAWARU WORSHIP
  4218 | Temple   | Became a worshipper of Warmaster Okawaru
  4219 | Temple   | 4219 ||| PLANNING D:1-11
  4363 | D:6      | 4363 ||| PLANNING OSSUARY
  4376 | D:6      | 4376 ||| STAIRDANCE
  4379 | D:5      | Reached XP level 9. HP: 50/55 MP: 9/9
  4406 | D:6      | Reached skill level 9 in Axes
  4463 | D:6      | Found a sand-covered staircase.
  4473 | Ossuary  | Entered an ossuary
  4481 | Ossuary  | 4481 ||| Stepping ~*~*~tactically~*~*~ (stealth).
  4482 | Ossuary  | 4482 ||| Stepping ~*~*~tactically~*~*~ (stealth).
  4601 | Ossuary  | 4601 ||| Stepping ~*~*~tactically~*~*~ (stealth).
  4610 | Ossuary  | 4610 ||| Stepping ~*~*~tactically~*~*~ (stealth).
  4631 | Ossuary  | 4631 ||| Stepping ~*~*~tactically~*~*~ (stealth).
  4649 | Ossuary  | 4649 ||| Stepping ~*~*~tactically~*~*~ (stealth).
  4752 | Ossuary  | Reached * piety under Okawaru
  4824 | Ossuary  | 4824 ||| READING scroll labelled GUTWIW ICWOWN.
  4825 | Ossuary  | 4825 ||| READING scroll labelled SACOEDGHOUGRE.
  4825 | Ossuary  | Identified a scroll of acquirement
  4825 | Ossuary  | 4825 ||| ACQUIRING +2 war axe of freezing
  4825 | Ossuary  | Acquired a +2 war axe of freezing
  4827 | Ossuary  | 4827 ||| SWAPPING to +2 war axe of freezing.
  4828 | Ossuary  | 4828 ||| DROPPING +0 war axe.
  4829 | Ossuary  | 4829 ||| DROPPING +1 war axe of draining.
  4830 | Ossuary  | 4830 ||| READING scroll labelled SOSCHU WAETA.
  4831 | Ossuary  | 4831 ||| READING 2 scrolls of identify.
  4831 | Ossuary  | 4831 ||| IDENTIFYING puce potion
  4842 | D:6      | 4842 ||| PLANNING D:1-11
  4937 | D:6      | Found an ornate altar of the Wu Jian Council.
  5047 | D:6      | Reached skill level 1 in Invocations
  5059 | D:6      | 5059 ||| INVOKING Heroism.
  5121 | D:6      | Identified the +3 plate armour of the Slightly Bent {rC+
                  | rN++ Stlth-}
  5143 | D:6      | Identified the ring "Zoxirumu" {rElec rN+ Str+6 Int+2}
  5224 | D:6      | 5224 ||| Stepping ~*~*~tactically~*~*~ (hiding).
  5225 | D:6      | 5225 ||| INVOKING Heroism.
  5228 | D:6      | 5228 ||| Stepping ~*~*~tactically~*~*~ (water).
  5237 | D:6      | 5237 ||| INVOKING Heroism.
  5395 | D:6      | 5395 ||| Stepping ~*~*~tactically~*~*~ (stealth).
  5444 | D:6      | 5444 ||| DROPPING +0 flail.
  5534 | D:6      | Noticed a gargoyle
  5548 | D:6      | 5548 ||| INVOKING Heroism.
  5549 | D:6      | Killed a gargoyle
  5550 | D:6      | Reached skill level 10 in Axes
  5633 | D:6      | Identified the +0 robe of Card Tricks {rPois rF+ Slay+2}
  5656 | D:6      | 5656 ||| INVOKING Heroism.
  5668 | D:6      | Reached skill level 3 in Invocations
  5668 | D:6      | Reached XP level 10. HP: 59/63 MP: 9/12
  5703 | D:6      | 5703 ||| INVOKING Heroism.
  5743 | D:6      | 5743 ||| Stepping ~*~*~tactically~*~*~ (hiding).
  5744 | D:6      | 5744 ||| INVOKING Heroism.
  5790 | D:6      | 5790 ||| UPGRADING to +3 plate armour of the Slightly Bent
                  | {rC+ rN++ Stlth-}.
  5800 | D:6      | 5800 ||| DROPPING +3 chain mail.
  5801 | D:6      | 5801 ||| UPGRADING to ring "Zoxirumu" {rElec rN+ Str+6
                  | Int+2}.
  5802 | D:6      | 5802 ||| READING 2 scrolls of identify.
  5802 | D:6      | 5802 ||| IDENTIFYING fizzy inky potion
  5803 | D:6      | 5803 ||| DROPPING potion of berserk rage.
  5878 | D:7      | Identified the +2 orcbow of Icaonaimn {flame, rC- rCorr
                  | Int+9 Dex+5}
  5888 | D:7      | 5888 ||| Stepping ~*~*~tactically~*~*~ (stealth).
  5889 | D:7      | 5889 ||| Stepping ~*~*~tactically~*~*~ (stealth).
  5905 | D:7      | 5905 ||| Stepping ~*~*~tactically~*~*~ (stealth).
  6008 | D:7      | Reached skill level 6 in Armour
  6117 | D:7      | Reached ** piety under Okawaru
  6292 | D:7      | Noticed Menkaure
  6293 | D:7      | 6293 ||| Stepping ~*~*~tactically~*~*~ (hiding).
  6294 | D:7      | 6294 ||| Stepping ~*~*~tactically~*~*~ (hiding).
  6297 | D:7      | 6297 ||| Stepping ~*~*~tactically~*~*~ (hiding).
  6299 | D:7      | 6299 ||| INVOKING Heroism.
  6305 | D:7      | Killed Menkaure
  6412 | D:7      | Found a shadowy altar of Dithmenos.
  6537 | D:8      | Identified the +0 pair of boots "Gexaolek" {rPois Int+2
                  | Slay-2}
  6570 | D:8      | Reached skill level 3 in Throwing
  6574 | D:8      | 6574 ||| Stepping ~*~*~tactically~*~*~ (hiding).
  6691 | D:8      | 6691 ||| Stepping ~*~*~tactically~*~*~ (hiding).
  6697 | D:8      | 6697 ||| INVOKING Heroism.
  6743 | D:8      | 6743 ||| FLEEEEING.
  6744 | D:8      | 6744 ||| FLEEEEING.
  6745 | D:8      | 6745 ||| FLEEEEING.
  6746 | D:8      | 6746 ||| FLEEEEING.
  6747 | D:8      | 6747 ||| FLEEEEING.
  6753 | D:8      | 6753 ||| FLEEEEING.
  6754 | D:8      | 6754 ||| FLEEEEING.
  6761 | D:8      | 6761 ||| FLEEEEING.
  6762 | D:8      | 6762 ||| FLEEEEING.
  6764 | D:8      | 6764 ||| FLEEEEING.
  6765 | D:8      | 6765 ||| FLEEEEING.
  6767 | D:8      | 6767 ||| STAIRDANCE
  6826 | D:7      | 6826 ||| DROPPING +0 pair of boots "Gexaolek" {rPois Int+2
                  | Slay-2}.
  6835 | D:8      | 6835 ||| STAIRDANCE
  6931 | D:8      | 6931 ||| INVOKING Heroism.
  6942 | D:8      | Found a staircase to the Lair.
  6944 | D:8      | 6944 ||| Stepping ~*~*~tactically~*~*~ (water).
  6951 | D:8      | 6951 ||| INVOKING Heroism.
  6954 | D:8      | 6954 ||| Stepping ~*~*~tactically~*~*~ (water).
  6963 | D:8      | 6963 ||| DRINKING 3 potions of curing.
  6963 | D:8      | 6963 ||| (to cure confusion)
  6969 | D:8      | Reached skill level 11 in Axes
  6982 | D:8      | 6982 ||| Stepping ~*~*~tactically~*~*~ (water).
  6983 | D:8      | Reached *** piety under Okawaru
  6987 | D:8      | 6987 ||| Stepping ~*~*~tactically~*~*~ (water).
  6988 | D:8      | 6988 ||| INVOKING Heroism.
  6991 | D:8      | Reached XP level 11. HP: 41/69 MP: 11/14
  7027 | D:8      | 7027 ||| FLEEEEING.
  7028 | D:8      | 7028 ||| FLEEEEING.
  7029 | D:8      | 7029 ||| INVOKING Heroism.
  7208 | D:8      | Noticed a two-headed ogre
  7209 | D:8      | 7209 ||| INVOKING Heroism.
  7218 | D:8      | Killed a two-headed ogre
  7219 | D:8      | Reached skill level 9 in Fighting
  7270 | D:8      | Noticed Joseph
  7291 | D:8      | Killed Joseph
  7338 | D:8      | Found a hide-covered altar of Uskayaw.
  7617 | D:8      | 7617 ||| PLANNING LAIR
  7617 | D:8      | 7617 ||| READING scroll labelled GEINEURAUZI.
  7663 | Lair:1   | Entered Level 1 of the Lair of Beasts
  7734 | Lair:1   | 7734 ||| INVOKING Heroism.
  7777 | Lair:1   | 7777 ||| INVOKING Heroism.
  7794 | Lair:1   | 7794 ||| INVOKING Heroism.
  7849 | Lair:1   | 7849 ||| INVOKING Heroism.
  7993 | Lair:1   | Reached skill level 12 in Axes
  7999 | Lair:1   | 7999 ||| INVOKING Heroism.
  8078 | Lair:1   | Identified the amulet "Upomun" {rN+ Regen+}
  8098 | Lair:1   | Reached **** piety under Okawaru
  8109 | Lair:1   | 8109 ||| Stepping ~*~*~tactically~*~*~ (stealth).
  8115 | Lair:1   | Reached skill level 6 in Shields
  8122 | Lair:1   | 8122 ||| INVOKING Heroism.
  8155 | Lair:1   | 8155 ||| Stepping ~*~*~tactically~*~*~ (stealth).
  8156 | Lair:1   | 8156 ||| Stepping ~*~*~tactically~*~*~ (stealth).
  8158 | Lair:1   | 8158 ||| Stepping ~*~*~tactically~*~*~ (stealth).
  8275 | Lair:1   | Reached ***** piety under Okawaru
  8276 | Lair:1   | Reached skill level 6 in Invocations
  8276 | Lair:1   | Reached XP level 12. HP: 61/77 MP: 16/16
  8354 | Lair:1   | 8354 ||| INVOKING Heroism.
  8369 | Lair:1   | 8369 ||| INVOKING Heroism.
  8372 | Lair:1   | Received a gift from Okawaru
  8793 | Lair:1   | 8793 ||| UPGRADING to amulet "Upomun" {rN+ Regen+}.
  8827 | Lair:2   | 8827 ||| Stepping ~*~*~tactically~*~*~ (hiding).
  8828 | Lair:2   | 8828 ||| Stepping ~*~*~tactically~*~*~ (hiding).
  8829 | Lair:2   | 8829 ||| Stepping ~*~*~tactically~*~*~ (hiding).
  8830 | Lair:2   | 8830 ||| Stepping ~*~*~tactically~*~*~ (hiding).
  8831 | Lair:2   | 8831 ||| Stepping ~*~*~tactically~*~*~ (hiding).
  8832 | Lair:2   | 8832 ||| Stepping ~*~*~tactically~*~*~ (hiding).
  8867 | Lair:2   | 8867 ||| INVOKING Heroism.
  8899 | Lair:2   | Found a staircase to the Snake Pit.
  8910 | Lair:2   | 8910 ||| INVOKING Heroism.
  8915 | Lair:2   | HP: 18/77 [constriction (4)]
  8916 | Lair:2   | 8916 ||| READING 5 scrolls of teleportation.
  8917 | Lair:2   | 8917 ||| DRINKING 3 potions of heal wounds.
  8974 | Lair:2   | 8974 ||| INVOKING Heroism.
  9072 | Lair:2   | 9072 ||| Stepping ~*~*~tactically~*~*~ (hiding).
  9073 | Lair:2   | 9073 ||| Stepping ~*~*~tactically~*~*~ (hiding).
  9075 | Lair:2   | 9075 ||| Stepping ~*~*~tactically~*~*~ (hiding).
  9076 | Lair:2   | 9076 ||| Stepping ~*~*~tactically~*~*~ (hiding).
  9077 | Lair:2   | 9077 ||| Stepping ~*~*~tactically~*~*~ (hiding).
  9196 | Lair:2   | 9196 ||| READING scroll of enchant weapon.
  9196 | Lair:2   | 9196 ||| ENCHANTING +2 war axe of freezing.
  9408 | Lair:2   | Received a gift from Okawaru
  9743 | Lair:2   | 9743 ||| UPGRADING to +0 cloak.
  9748 | Lair:2   | 9748 ||| READING 2 scrolls of identify.
  9748 | Lair:2   | 9748 ||| IDENTIFYING viscous yellow potion
  9832 | Lair:3   | 9832 ||| Stepping ~*~*~tactically~*~*~ (stealth).
  9834 | Lair:3   | 9834 ||| INVOKING Heroism.
  9867 | Lair:3   | 9867 ||| Stepping ~*~*~tactically~*~*~ (stealth).
  9884 | Lair:3   | 9884 ||| INVOKING Heroism.
  9888 | Lair:3   | Reached skill level 9 in Invocations
  9889 | Lair:3   | Reached skill level 9 in Armour
  9997 | Lair:3   | Found a staircase to the Shoals.
  9997 | Lair:3   | Noticed a boulder beetle
  9998 | Lair:3   | 9998 ||| INVOKING Heroism.
  9999 | Lair:3   | 9999 ||| INVOKING Finesse.
 10009 | Lair:3   | Killed a boulder beetle
 10127 | Lair:3   | 10127 ||| INVOKING Heroism.
 10199 | Lair:3   | 10199 ||| Stepping ~*~*~tactically~*~*~ (stealth).
 10201 | Lair:3   | 10201 ||| Stepping ~*~*~tactically~*~*~ (stealth).
 10274 | Lair:3   | 10274 ||| Stepping ~*~*~tactically~*~*~ (stealth).
 10277 | Lair:3   | 10277 ||| INVOKING Heroism.
 10281 | Lair:3   | Noticed a boulder beetle
 10301 | Lair:3   | 10301 ||| INVOKING Heroism.
 10313 | Lair:3   | Killed a boulder beetle
 10314 | Lair:3   | Reached skill level 13 in Axes
 10314 | Lair:3   | Reached XP level 13. HP: 69/82 MP: 18/20
 10533 | Lair:3   | Found a frozen archway.
 10539 | Lair:3   | Received a gift from Okawaru
 10636 | Lair:3   | 10636 ||| DROPPING ring of positive energy.
 10678 | Lair:4   | 10678 ||| INVOKING Heroism.
 10818 | Lair:4   | 10818 ||| INVOKING Heroism.
 10876 | Lair:4   | 10876 ||| READING scroll of enchant weapon.
 10876 | Lair:4   | 10876 ||| ENCHANTING +3 war axe of freezing.
 10988 | Lair:4   | 10988 ||| Stepping ~*~*~tactically~*~*~ (stealth).
 10996 | Lair:4   | 10996 ||| INVOKING Heroism.
 11105 | Lair:4   | 11105 ||| INVOKING Heroism.
 11132 | Lair:4   | 11132 ||| SWAPPING to +2 morningstar of holy wrath.
 11138 | Lair:4   | 11138 ||| SWAPPING to +4 war axe of freezing.
 11437 | Lair:4   | 11437 ||| READING scroll labelled DAKEFI PEDGHIEN.
 11449 | Lair:4   | 11449 ||| READING scroll labelled QAOZAM KOICVA.
 11494 | Lair:5   | Entered Level 5 of the Lair of Beasts
 11516 | Lair:5   | 11516 ||| STAIRDANCE
 11550 | Lair:5   | Reached skill level 14 in Axes
 11556 | Lair:5   | Received a gift from Okawaru
 11571 | Lair:5   | Noticed Nessos
 11572 | Lair:5   | 11572 ||| INVOKING Finesse.
 11576 | Lair:5   | 11576 ||| INVOKING Heroism.
 11618 | Lair:5   | 11618 ||| INVOKING Heroism.
 11619 | Lair:5   | HP: 19/83 [Nessos/arrow (10)]
 11620 | Lair:5   | 11620 ||| READING 6 scrolls of teleportation.
 11621 | Lair:5   | 11621 ||| DRINKING 3 potions of heal wounds.
 11637 | Lair:5   | 11637 ||| INVOKING Finesse.
 11641 | Lair:5   | 11641 ||| SWAPPING to +2 morningstar of holy wrath.
 11654 | Lair:5   | 11654 ||| SWAPPING to +4 war axe of freezing.
 11659 | Lair:5   | 11659 ||| Stepping ~*~*~tactically~*~*~ (stealth).
 11728 | Lair:5   | 11728 ||| INVOKING Heroism.
 11777 | Lair:5   | 11777 ||| Stepping ~*~*~tactically~*~*~ (stealth).
 11812 | Lair:5   | Found a staircase to the Slime Pits.
 11873 | Lair:5   | 11873 ||| INVOKING Heroism.
 11884 | Lair:5   | Received a gift from Okawaru
 11895 | Lair:5   | Gained mutation: Your large and strong wings let you fly.
                  | [Gargoyle growth]
 11895 | Lair:5   | Reached XP level 14. HP: 72/90 MP: 21/21
 11980 | Lair:5   | Received a gift from Okawaru
 12048 | Lair:5   | Reached skill level 15 in Axes
 12117 | Lair:5   | 12117 ||| INVOKING Finesse.
 12120 | Lair:5   | 12120 ||| INVOKING Heroism.
 12130 | Lair:5   | Killed Nessos
 12222 | Lair:5   | Found a blossoming altar of Fedhas.
 12270 | Lair:5   | 12270 ||| INVOKING Heroism.
 12271 | Lair:5   | 12271 ||| INVOKING Finesse.
 12552 | Lair:5   | Noticed Sonja
 12553 | Lair:5   | 12553 ||| Stepping ~*~*~tactically~*~*~ (stealth).
 12556 | Lair:5   | 12556 ||| Stepping ~*~*~tactically~*~*~ (hiding).
 12558 | Lair:5   | 12558 ||| Stepping ~*~*~tactically~*~*~ (stealth).
 12579 | Lair:5   | 12579 ||| INVOKING Heroism.
 12596 | Lair:5   | 12596 ||| INVOKING Finesse.
 12600 | Abyss:1  | Found a corrupted altar of Lugonu.
 12600 | Abyss:1  | Cast into level 1 of the Abyss (Sonja)
 12630 | Abyss:1  | Noticed a white very ugly thing
 12630 | Abyss:1  | 12630 ||| Stepping ~*~*~tactically~*~*~ (stealth).
 12638 | Abyss:1  | 12638 ||| Stepping ~*~*~tactically~*~*~ (stealth).
 12660 | Abyss:1  | 12660 ||| Stepping ~*~*~tactically~*~*~ (stealth).
 12686 | Abyss:1  | 12686 ||| Stepping ~*~*~tactically~*~*~ (stealth).
 12687 | Abyss:1  | 12687 ||| Stepping ~*~*~tactically~*~*~ (stealth).
 12707 | Abyss:1  | Reached skill level 12 in Fighting
 12723 | Abyss:1  | 12723 ||| Stepping ~*~*~tactically~*~*~ (stealth).
 12875 | Abyss:1  | 12875 ||| Stepping ~*~*~tactically~*~*~ (stealth).
 12891 | Abyss:1  | 12891 ||| Stepping ~*~*~tactically~*~*~ (stealth).
 12910 | Abyss:1  | Found a corrupted altar of Lugonu.
 12931 | Abyss:1  | 12931 ||| Stepping ~*~*~tactically~*~*~ (stealth).
 12937 | Abyss:1  | Noticed a tentacled starspawn
 12950 | Abyss:1  | Killed a tentacled starspawn
 12951 | Abyss:1  | Reached skill level 3 in Dodging
 12975 | Abyss:1  | Noticed a white very ugly thing
 12992 | Abyss:1  | 12992 ||| INVOKING Heroism.
 12994 | Abyss:1  | Killed a white very ugly thing
 13020 | Abyss:1  | 13020 ||| INVOKING Heroism.
 13046 | Abyss:1  | 13046 ||| Stepping ~*~*~tactically~*~*~ (stealth).
 13047 | Abyss:1  | 13047 ||| Stepping ~*~*~tactically~*~*~ (stealth).
 13059 | Abyss:1  | Noticed a tentacled starspawn
 13069 | Abyss:1  | Killed a tentacled starspawn
 13089 | Abyss:1  | 13089 ||| Stepping ~*~*~tactically~*~*~ (hiding).
 13099 | Abyss:1  | 13099 ||| INVOKING Heroism.
 13105 | Abyss:1  | HP: 22/92 [naga warrior/+0 glaive (5)]
 13106 | Abyss:1  | 13106 ||| READING 5 scrolls of teleportation.
 13107 | Abyss:1  | 13107 ||| DRINKING 3 potions of heal wounds.
 13107 | Abyss:1  | HP: 3/92 [naga warrior/+0 glaive (22)]
 13108 | Abyss:1  | 13108 ||| DRINKING 2 potions of heal wounds.
 13109 | Abyss:1  | 13109 ||| DRINKING potion of heal wounds.
 13109 | Abyss:1  | Noticed a lich
 13114 | Lair:5   | Escaped the Abyss
 13183 | Lair:5   | Found a runed translucent door.
 13217 | Lair:5   | 13217 ||| INVOKING Heroism.
 13251 | Lair:5   | 13251 ||| Stepping ~*~*~tactically~*~*~ (hiding).
 13334 | Lair:5   | 13334 ||| FLEEEEING.
 13335 | Lair:5   | 13335 ||| FLEEEEING.
 13336 | Lair:5   | 13336 ||| FLEEEEING.
 13337 | Lair:5   | 13337 ||| FLEEEEING.
 13338 | Lair:5   | 13338 ||| FLEEEEING.
 13339 | Lair:5   | 13339 ||| FLEEEEING.
 13340 | Lair:5   | 13340 ||| FLEEEEING.
 13341 | Lair:5   | 13341 ||| FLEEEEING.
 13342 | Lair:5   | 13342 ||| FLEEEEING.
 13343 | Lair:5   | 13343 ||| FLEEEEING.
 13345 | Lair:5   | 13345 ||| FLEEEEING.
 13346 | Lair:5   | 13346 ||| FLEEEEING.
 13347 | Lair:5   | 13347 ||| FLEEEEING.
 13348 | Lair:5   | 13348 ||| FLEEEEING.
 13349 | Lair:5   | 13349 ||| FLEEEEING.
 13351 | Lair:5   | 13351 ||| INVOKING Heroism.
 13400 | Lair:5   | 13400 ||| INVOKING Heroism.
 13405 | Lair:5   | Reached skill level 16 in Axes
 13473 | Lair:5   | Found a viscous altar of Jiyva.
 13474 | Lair:5   | 13474 ||| INVOKING Heroism.
 13479 | Lair:5   | HP: 12/92 [Sonja/+0 short sword of distortion (18)]
 13480 | Lair:5   | 13480 ||| READING 4 scrolls of teleportation.
 13579 | Lair:5   | 13579 ||| INVOKING Heroism.
 13608 | Lair:5   | 13608 ||| Stepping ~*~*~tactically~*~*~ (hiding).
 13620 | Lair:5   | 13620 ||| INVOKING Heroism.
 13633 | Lair:5   | Killed Sonja
 13680 | Lair:5   | 13680 ||| INVOKING Heroism.
 13766 | Lair:5   | 13766 ||| INVOKING Heroism.
 13796 | Lair:5   | 13796 ||| Stepping ~*~*~tactically~*~*~ (stealth).
 13799 | Lair:5   | 13799 ||| Stepping ~*~*~tactically~*~*~ (stealth).
 13840 | Lair:5   | 13840 ||| Stepping ~*~*~tactically~*~*~ (stealth).
 13869 | Lair:5   | Reached XP level 15. HP: 91/96 MP: 22/22
 13889 | Lair:5   | 13889 ||| Stepping ~*~*~tactically~*~*~ (stealth).
 13891 | Lair:5   | 13891 ||| Stepping ~*~*~tactically~*~*~ (stealth).
 13895 | Lair:5   | 13895 ||| Stepping ~*~*~tactically~*~*~ (stealth).
 13900 | Lair:5   | 13900 ||| INVOKING Heroism.
 14190 | Lair:5   | 14190 ||| PLANNING D:1-11
 14190 | Lair:5   | 14190 ||| UPGRADING to +0 pair of boots of stealth.
 14195 | Lair:5   | 14195 ||| DROPPING ring of magical power.
 14196 | Lair:5   | 14196 ||| READING 2 scrolls labelled LIUS EKLISTRE.
 14297 | Lair:5   | 14297 ||| READING 6 scrolls of identify.
 14297 | Lair:5   | 14297 ||| IDENTIFYING grey potion
 14298 | Lair:5   | 14298 ||| DROPPING scroll of silence.
 14299 | Lair:5   | 14299 ||| DROPPING potion of degeneration.
 14584 | D:9      | 14584 ||| Stepping ~*~*~tactically~*~*~ (hiding).
 14601 | D:9      | 14601 ||| Stepping ~*~*~tactically~*~*~ (stealth).
 14708 | D:9      | Reached skill level 12 in Armour
 14716 | D:9      | 14716 ||| Stepping ~*~*~tactically~*~*~ (stealth).
 14736 | D:9      | 14736 ||| INVOKING Heroism.
 14774 | D:9      | Found a staircase to the Orcish Mines.
 15176 | D:9      | Found a shimmering altar of Xom.
 15417 | D:9      | 15417 ||| DROPPING +1 plate armour of poison resistance.
 15432 | D:10     | Entered Level 10 of the Dungeon
 15473 | D:10     | 15473 ||| Stepping ~*~*~tactically~*~*~ (hiding).
 15737 | D:10     | 15737 ||| Stepping ~*~*~tactically~*~*~ (stealth).
 15740 | D:10     | 15740 ||| Stepping ~*~*~tactically~*~*~ (hiding).
 15741 | D:10     | 15741 ||| Stepping ~*~*~tactically~*~*~ (hiding).
 15749 | D:10     | 15749 ||| Stepping ~*~*~tactically~*~*~ (hiding).
 15952 | D:10     | 15952 ||| READING 2 scrolls of enchant armour.
 15952 | D:10     | 15952 ||| ENCHANTING +1 pair of gloves.
 15953 | D:10     | 15953 ||| READING scroll of enchant armour.
 15953 | D:10     | 15953 ||| ENCHANTING +0 helmet.
 16216 | D:10     | 16216 ||| DROPPING amulet of magic regeneration.
 16217 | D:10     | 16217 ||| READING scroll labelled QEFEZXUATI.
 16678 | D:11     | 16678 ||| Stepping ~*~*~tactically~*~*~ (hiding).
 16679 | D:11     | 16679 ||| Stepping ~*~*~tactically~*~*~ (hiding).
 17069 | D:11     | 17069 ||| PLANNING D
 17069 | D:11     | 17069 ||| UPGRADING to +2 helmet.
 17079 | D:11     | 17079 ||| DROPPING +1 helmet.
 17080 | D:11     | 17080 ||| READING scroll labelled JUZOCW EGIRGH.
 17186 | D:12     | 17186 ||| Stepping ~*~*~tactically~*~*~ (hiding).
 17375 | D:12     | You are sucked into a shaft and drop 1 floor!
 17463 | D:12     | Noticed Snorg
 17476 | D:12     | 17476 ||| INVOKING Heroism.
 17483 | D:12     | Killed Snorg
 17483 | D:12     | Received a gift from Okawaru
 17661 | D:12     | 17661 ||| Stepping ~*~*~tactically~*~*~ (hiding).
 17703 | D:12     | 17703 ||| Stepping ~*~*~tactically~*~*~ (hiding).
 17867 | D:12     | 17867 ||| READING scroll labelled PENWYFUMOE.
 17868 | D:12     | 17868 ||| READING 8 scrolls of identify.
 17868 | D:12     | 17868 ||| IDENTIFYING fuming yellow potion
 17918 | D:13     | 17918 ||| Stepping ~*~*~tactically~*~*~ (hiding).
 18086 | D:13     | 18086 ||| Stepping ~*~*~tactically~*~*~ (hiding).
 18098 | D:13     | Reached skill level 9 in Shields
 18121 | D:13     | 18121 ||| INVOKING Heroism.
 18122 | D:13     | 18122 ||| SWAPPING to +2 morningstar of holy wrath.
 18130 | D:13     | 18130 ||| SWAPPING to +4 war axe of freezing.
 18257 | D:13     | 18257 ||| INVOKING Heroism.
 18392 | D:13     | 18392 ||| READING scroll of enchant weapon.
 18392 | D:13     | 18392 ||| ENCHANTING +4 war axe of freezing.
 18396 | D:13     | 18396 ||| Stepping ~*~*~tactically~*~*~ (hiding).
 18846 | D:13     | Found a broken altar of Ashenzari.
 18848 | D:13     | Found a shimmering altar of Xom.
 18848 | D:13     | Found a sparkling altar of Nemelex Xobeh.
 18850 | D:13     | Found an iron altar of Okawaru.
 18850 | D:13     | Found an iron altar of Okawaru.
 18850 | D:13     | Found a hazy altar of Hepliaklqana.
 19238 | D:13     | 19238 ||| READING 9 scrolls of identify.
 19238 | D:13     | 19238 ||| IDENTIFYING fizzy black potion
 19239 | D:13     | 19239 ||| DROPPING potion of ambrosia.
 19478 | D:14     | 19478 ||| Stepping ~*~*~tactically~*~*~ (stealth).
 19480 | D:14     | 19480 ||| Stepping ~*~*~tactically~*~*~ (stealth).
 19486 | D:14     | 19486 ||| Stepping ~*~*~tactically~*~*~ (stealth).
 19487 | D:14     | 19487 ||| Stepping ~*~*~tactically~*~*~ (stealth).
 19488 | D:14     | 19488 ||| Stepping ~*~*~tactically~*~*~ (stealth).
 19577 | D:14     | 19577 ||| Stepping ~*~*~tactically~*~*~ (hiding).
 19578 | D:14     | 19578 ||| Stepping ~*~*~tactically~*~*~ (hiding).
 19581 | D:14     | 19581 ||| Stepping ~*~*~tactically~*~*~ (hiding).
 19748 | D:14     | 19748 ||| Stepping ~*~*~tactically~*~*~ (hiding).
 19749 | D:14     | 19749 ||| Stepping ~*~*~tactically~*~*~ (stealth).
 19771 | D:14     | 19771 ||| INVOKING Heroism.
 19776 | D:14     | HP: 25/100 [vault guard/+0 war axe (2)]
 19777 | D:14     | 19777 ||| READING 12 scrolls of teleportation.
 19777 | D:14     | HP: 7/100 [vault guard/+0 dire flail (12)]
 19777 | D:14     | Slain by a vault guard

Levels and vault maps discovered:
D:1:      heliophobic_arrival_battle_scene, layout_loops_cross,
          minmay_crystal_water
D:2:      layout_basic
D:3:      layout_loops_cross, lemuel_tele_altar, serial_shops, shop, shop,
          nicolae_shop_getting_attention, uniq_terence
D:4:      layout_basic, nicolae_gozag_cash_rules_everything_around_me
D:5:      layout_basic, mainiacjoe_overflow_alcove_2, minmay_temple_entry_fiery,
          minmay_manual_monstrance, uniq_duvessa
D:6:      layout_basic, pdpol_wu_jian_five_deadly_venoms,
          lightli_ossuary_entry_decrepit_ruins, kennysheep_minor_cross,
          minmay_divided_ellipse
D:7:      layout_basic, grunt_dithmenos_shadows, uniq_menkaure
D:8:      layout_loops_cross, lemuel_doored_altar, erik_lair_island, uniq_joseph
D:9:      layout_stronghold, kennysheep_mini_moat, david_orc_4,
          serial_co_window_serial, co_window_corner_a, co_window_paths_b,
          co_window_corner_a, co_window_corner_a, co_window_of_opportunity_a,
          co_window_of_opportunity_a, co_window_paths_a,
          co_window_of_opportunity_a, co_window_corner_a, co_window_broadway_b,
          co_window_of_opportunity_b, co_window_corner_b,
          co_window_of_opportunity_c, co_window_unsneaky_path_d,
          co_window_corner_cb, co_window_corner_b, glass_columns_c,
          glass_columns_b, glass_columns_a
D:10:     layout_loops_ring
D:11:     layout_roguey, serial_bayou_lagoon_b
D:12:     layout_roguey, serial_bayou_pond_a, uniq_snorg
D:13:     layout_stronghold, serial_rivers, chequers_serial_rivers_marsh,
          chequers_serial_rivers_room_b, chequers_serial_rivers_micro_a,
          chequers_serial_rivers_micro_b, chequers_serial_rivers_large_a,
          chequers_serial_rivers_marsh, doesnt_xom_only_xom
D:14:     layout_basic, erik_vaults_2, minmay_misc_feat_room
Temple:   regret_index_temple_generic_petals
Lair:1:   layout_loops_ring, grunt_megastairs_3, infiniplex_staircase_pool_2,
          serial_bayou_shore_b, serial_bayou_shore_b
Lair:2:   layout_gridlike, guppyfry_snake_entry_island,
          grunt_forest_small_clearing_treed
Lair:3:   layout_chaotic_city, elwin_shoals_entry_rocks, portal_ice_cave_rime
Lair:4:   layout_roguey, chequers_serial_rivers_large_b,
          infiniplex_staircase_pool
Lair:5:   hangedman_lair_tendril_chambers, layout_regular_city, wormcave,
          nicolae_slime_entry_field_trip, lightli_volcano_entry_magma_tube,
          tgw_fedhas, uniq_sonja, uniq_nessos

Skill      XL: |  1  2  3  4  5  6  7  8  9 10 11 12 13 14 15 |
---------------+----------------------------------------------+-----
Axes           | 2 3 5 7 8 10 11 12 13 14 16 | 16.0
Fighting       | 5 6 7 8 10 11 12 14 | 14.0
Dodging        | 1 2 3 |  3.7
Throwing       | 1 3 4 |  4.3
Armour         | 4 5 7 8 9 10 11 13 | 13.2
Shields        | 4 5 6 7 8 9 |  9.0
Invocations    | 3 4 6 10 | 10.0

Action                     |  1- 3 |  4- 6 |  7- 9 | 10-12 | 13-15 || total
---------------------------+-------+-------+-------+-------+-------++-------
  Melee: War axe           |   103 |    95 |   356 |   501 |  1138 ||  2193
         Morningstar       |       |       |       |       |    23 ||    23
  Throw: Boomerang         |       |       |    72 |    73 |   146 ||   291
         Javelin           |       |       |       |    73 |       ||    73
 Invoke: Heroism           |       |       |     5 |    26 |    28 ||    59
         Finesse           |       |       |       |     1 |     5 ||     6
    Use: Scroll            |     1 |    12 |     4 |     5 |    17 ||    39
         Potion            |       |     1 |       |     2 |     4 ||     7
 Armour: Scale mail        |    56 |     3 |       |       |       ||    59
         Chain mail        |       |    58 |   202 |     7 |       ||   267
         Plate armour      |       |       |       |   308 |   713 ||  1021
  Dodge: Dodged            |    40 |    26 |   116 |   162 |   384 ||   728
  Block: Buckler           |    23 |    19 |    49 |    94 |   228 ||   413

Table legend:
 A = Non-vault XP
 B = Vault XP
 C = Vault XP percentage of total XP
 D = Non-vault monster count
 E = Vault monster count
 F = Vault count percentage of total count
                 A         B        C        D         E       F
            +---------+---------+-------+---------+---------+-------
      Total |   89614 |   27613 |  23.6 |     455 |     153 |  25.2
            +---------+---------+-------+---------+---------+-------
        D:1 |      36 |       0 |   0.0 |      21 |       0 |   0.0
        D:2 |      60 |       0 |   0.0 |      17 |       0 |   0.0
        D:3 |      20 |      36 |  64.3 |       6 |       1 |  14.3
        D:4 |     684 |     128 |  15.8 |      31 |       2 |   6.1
        D:5 |     943 |     356 |  27.4 |      31 |       5 |  13.9
        D:6 |     956 |    1375 |  59.0 |      20 |      13 |  39.4
        D:7 |    1204 |     276 |  18.6 |      18 |       2 |  10.0
        D:8 |    3011 |    1303 |  30.2 |      36 |       9 |  20.0
        D:9 |    2554 |     756 |  22.8 |      36 |      16 |  30.8
       D:10 |    1983 |       0 |   0.0 |      15 |       0 |   0.0
       D:11 |    4091 |       0 |   0.0 |      21 |       0 |   0.0
       D:12 |    5649 |     942 |  14.3 |      18 |       1 |   5.3
       D:13 |    4203 |       0 |   0.0 |       8 |       0 |   0.0
       D:14 |    5647 |    1732 |  23.5 |      13 |       2 |  13.3
     Lair:1 |   10171 |     548 |   5.1 |      35 |       2 |   5.4
     Lair:2 |    3670 |     313 |   7.9 |      15 |       2 |  11.8
     Lair:3 |    7107 |     794 |  10.0 |      21 |       2 |   8.7
     Lair:4 |    8099 |       0 |   0.0 |      25 |       0 |   0.0
     Lair:5 |   17869 |   18533 |  50.9 |      44 |      59 |  57.3
    Abyss:1 |   11657 |       0 |   0.0 |      24 |       0 |   0.0
    Ossuary |       0 |     521 | 100.0 |       0 |      37 | 100.0
            +---------+---------+-------+---------+---------+-------
